 Dungeon Crawl Stone Soup version 0.31-a0-121-g1e386dd289 (webtiles) character file.

Game seed: 12072865150817170390

84 Essalna the Digger (level 4, 0/34 HPs)
             Began as a Demonspawn Earth Elementalist on June 1, 2023.
             Slain by a goblin
             ... wielding a +0 club
              (2 damage)
             ... on level 3 of the Dungeon.
             The game lasted 00:03:16 (1810 turns).

Essalna the Digger (Demonspawn Earth Elementalist)  Turns: 1810, Time: 00:03:17

Health: 0/34       AC:  4    Str:  8    XL:     4   Next: 24%
Magic:  7/7        EV: 12    Int: 19    God:
Gold:   96         SH:  4    Dex: 13    Spells: 6/7 levels left

rFire   . . .        g - +0 short sword (venom)
rCold   . . .        (no shield)
rNeg    . . .        a - +0 robe
rPois   .            (no helmet)
rElec   .            (no cloak)
rCorr   .            (no gloves)
SInv    .            (no boots)
Will    .....        (no amulet)
Stlth   ++           (no ring)
HPRegen 0.25/turn    (no ring)
MPRegen 0.10/turn

%: no passive effects
@: no status effects
A: hooves 1, yellow scales 1, condensation shield
a: no special abilities


You were on level 3 of the Dungeon.
You visited 1 branch of the dungeon, and saw 3 of its levels.

You collected 96 gold pieces.

Inventory:

Hand Weapons
 g - a +0 short sword of venom (weapon)
Armour
 a - a +0 robe (worn)
 h - a +2 pair of gloves
Scrolls
 c - a scroll of identify
 d - a scroll of magic mapping
Potions
 b - a potion of magic
 f - a potion of heal wounds {unknown}


   Skills:
 + Level 2.6 Fighting
 - Level 1.7 Dodging
 - Level 1.7 Stealth
 - Level 2.0 Spellcasting
 - Level 0.8 Transmutations
 + Level 3.8 Earth Magic


You had 6 spell levels left.
You knew the following spells:

 Your Spells              Type           Power      Damage    Failure   Level
a - Sandblast             Erth           32%        2d9       3%          1

Your spell library contained the following spells:

 Spells                   Type           Power      Damage    Failure   Level
 Passwall                 Tmut/Erth      8%         N/A       10%         2
 Stone Arrow              Conj/Erth      18%        3d8       24%         3
 Petrify                  Tmut/Erth      10%        N/A       54%         4


Dungeon Overview and Level Annotations

Branches:
Dungeon (3/15)

Altars:
Dithmenos


Innate Abilities, Weirdness & Mutations

You have large cloven feet.
You are partially covered in yellow scales. (AC +2)
A meltable shield of frost defends you. (SH +4)


Message History

The frilled lizard misses you. The goblin hits you but does no damage.
The frilled lizard misses you. The goblin hits you but does no damage.
The frilled lizard bites you. You block the goblin's attack.
The goblin hits you with a +0 club.
* * * LOW HITPOINT WARNING * * *
The frilled lizard closely misses you.
The frilled lizard bites you but does no damage.
The goblin closely misses you. The frilled lizard barely misses you.
You block the goblin's attack. You block the frilled lizard's attack.
The goblin closely misses you. The frilled lizard closely misses you.
The goblin barely misses you.
The frilled lizard bites you but does no damage.
You block the goblin's attack. The goblin hits you with a +0 club.
* * * LOW HITPOINT WARNING * * *
The frilled lizard bites you but does no damage.
The frilled lizard bites you.
* * * LOW HITPOINT WARNING * * *
You block the goblin's attack. You block the frilled lizard's attack.
The goblin closely misses you. The frilled lizard barely misses you.
The goblin barely misses you.
The frilled lizard bites you but does no damage.
The goblin hits you with a +0 club.
* * * LOW HITPOINT WARNING * * *
You block the frilled lizard's attack. The goblin hits you with a +0 club.
* * * LOW HITPOINT WARNING * * *
The frilled lizard closely misses you. The goblin hits you with a +0 club.
* * * LOW HITPOINT WARNING * * *
The frilled lizard barely misses you. You block the goblin's attack.
The frilled lizard barely misses you. The goblin barely misses you.
The frilled lizard closely misses you. The goblin hits you but does no damage.
The frilled lizard barely misses you. The goblin completely misses you.
You block the frilled lizard's attack. The goblin closely misses you.
The frilled lizard bites you.
* * * LOW HITPOINT WARNING * * *
The goblin misses you. You block the frilled lizard's attack.
The goblin barely misses you.
The frilled lizard bites you but does no damage.
The goblin hits you with a +0 club.
You die...

#...........#
........#.#
.######.#†#
#.#.# #.#.#
#.#.# #...#
..######..#
#.....g@..#
##..##l#.##
#.#.# ..#[#
#..#.# ...#.#
....#.# .#..
.#


You could see a goblin and a frilled lizard.

Vanquished Creatures
  4 adders
  3 worms
  3 dart slugs (D:1)
  A ball python (D:1)
  A bat (D:1)
  4 endoplasms
  A giant cockroach (D:1)
  3 goblins
  4 hobgoblins
  A kobold (D:2)
  A quokka (D:2)
  5 frilled lizards
  5 rats
36 creatures vanquished.

Notes
Turn   | Place    | Note
-------+----------+-------------------------------------------
     0 | D:1      | Essalna the Demonspawn Earth Elementalist began the quest
                  | for the Orb.
     0 | D:1      | Reached XP level 1. HP: 13/13 MP: 3/3
   380 | D:1      | Reached skill level 1 in Fighting
   380 | D:1      | Reached skill level 3 in Earth Magic
   380 | D:1      | Gained mutation: You are partially covered in yellow
                  | scales. (AC +2) [demonic ancestry]
   380 | D:1      | Reached XP level 2. HP: 20/21 MP: 1/5
   924 | D:1      | Gained mutation: A meltable shield of frost defends you.
                  | (SH +4) [demonic ancestry]
   924 | D:1      | Reached XP level 3. HP: 27/27 MP: 3/6
  1442 | D:2      | Gained mutation: You have large cloven feet. [demonic
                  | ancestry]
  1442 | D:2      | Reached XP level 4. HP: 34/34 MP: 0/7
  1587 | D:2      | Found a shadowy altar of Dithmenos.
  1808 | D:3      | HP: 1/34 [frilled lizard (2)]
  1810 | D:3      | Slain by a goblin

Illustrated notes

Levels and vault maps discovered:
D:1:      onia_arrival_pentagram, layout_basic, serial_bayou_pond_e,
          grunt_decor_one_mirror, minmay_misc_feat_four_crosses,
          nicolae_wormholes
D:2:      layout_basic, basic_altar
D:3:      layout_loops_ring, nemelex_diamond_rough_becter

Skill      XL: |  1  2  3 |
---------------+----------+-----
Fighting       | 1 2 |  2.6
Earth Magic    | 3 |  3.8
Dodging        | |  1.7
Stealth        | |  1.7
Spellcasting   | |  2.0
Transmutations | |  0.8

Action                     |  1- 3 |  4- 6 || total
---------------------------+-------+-------++-------
  Melee: Unarmed           |    11 |       ||    11
         Short sword       |     5 |     5 ||    10
   Cast: Sandblast         |    58 |     4 ||    62
    Use: Scroll            |     1 |     2 ||     3
 Armour: Robe              |    36 |    35 ||    71
  Dodge: Dodged            |    43 |    74 ||   117
  Block: Other             |     2 |    28 ||    30

Table legend: (Time is in decaauts)
 A = Elapsed time spent in this place.
 B = Non-inter-level travel time spent in this place.
 C = Inter-level travel time spent in this place.
 D = Time resting spent in this place.
 E = Time spent auto-exploring this place.
 F = Levels seen in this place.
 G = Mean time per level.
                   A        B        C        D        E       F      G
               +--------+--------+--------+--------+--------+-----+--------+
         Total |   1839 |   1815 |     24 |      0 |   1403 |   3 |  613.0 |
       Dungeon |   1839 |   1815 |     24 |      0 |   1403 |   3 |  613.0 |
               +--------+--------+--------+--------+--------+-----+--------+

Top non-repeatable levels by time:
     D:1: 1040 daAuts
     D:2: 601 daAuts
     D:3: 198 daAuts
